 Dungeon Crawl Stone Soup version 0.13.0-18-g7b03ea5 (webtiles) character file.

983 CowboyDan the Cudgeler (level 7, -1/41 HPs)
             Began as a Tengu Death Knight on Oct 22, 2013.
             Was a Believer of Yredelemnul.
             Slain by a wight
             ... wielding a +3,+2 trident
              (4 damage)
             ... on Level 5 of the Dungeon.
             The game lasted 00:48:56 (7768 turns).

CowboyDan the Cudgeler (Tengu Death Knight)         Turns: 7768, Time: 00:48:57

HP  -1/41        AC  4     Str 13      XL: 7   Next: 73%
MP  14/15        EV 17     Int 11      God: Yredelemnul [**....]
Gold 251         SH  0     Dex 19      Spells:  0 memorised,  6 levels left

Res.Fire  : . . .   See Invis. : .   a - +1,+0 mace
Res.Cold  : . . .   Warding    : .   b - +1 robe {MR+}
Life Prot.: . . .   Conserve   : .   (no shield)
Res.Poison: .       Res.Corr.  : .   (helmet restricted)
Res.Elec. : .       Clarity    : .   (no cloak)
Sust.Abil.: . .     Spirit.Shd : .   r - +0 pair of gloves
Res.Mut.  : .       Stasis     : .   (boots unavailable)
Res.Rott. : .       Flight     : +   (no amulet)
Saprovore : . . .                    H - +3 ring of dexterity
                                     I - ring of sustenance

@: flying (expiring), drained, quick, somewhat resistant to hostile
enchantments, fairly stealthy
A: able to fly, beak, talons 3
a: Animate Remains, Recall Undead Slaves, Injury Mirror, Renounce Religion


You were on level 5 of the Dungeon.
You worshipped Yredelemnul.
Yredelemnul was pleased with you.
You were not hungry.

You visited 1 branch of the dungeon, and saw 6 of its levels.

You collected 231 gold pieces.

Inventory:

Hand weapons
 a - a +1,+0 mace (weapon)
Missiles
 h - 19 darts (quivered)
Armour
 b - a +1 robe of magic resistance (worn)
 r - a +0 pair of gloves (worn)
Comestibles
 c - 3 bread rations
 n - a rotting chunk of rat flesh
Scrolls
 e - 6 scrolls of remove curse
 f - a scroll of fear
 g - a scroll of magic mapping
 q - 2 scrolls of amnesia
 s - 2 scrolls of curse jewellery
 v - 2 scrolls of blinking
 w - 5 scrolls of teleportation
 z - a scroll of enchant weapon II
 B - a scroll of enchant weapon I {unknown}
 E - a scroll of noise {unknown}
 F - a scroll of vulnerability {unknown}
 G - 2 scrolls of enchant armour {unknown}
Jewellery
 k - an uncursed ring of ice
 C - an uncursed ring of teleportation
 H - a +3 ring of dexterity (right hand)
 I - a ring of sustenance (left hand)
Potions
 i - 4 potions of curing
 j - a potion of might {unknown}
 m - a potion of confusion {unknown}
 o - a potion of restore abilities {unknown}
 p - a potion of brilliance {unknown}
 t - 2 potions of berserk rage {unknown}
 u - 3 potions of poison {unknown}
 x - a potion of agility {unknown}
 A - 2 potions of degeneration {unknown}
Books
 d - a book of Enchantments

   Spells                             Type                      Level
   Cause Fear                         Hexes                        4
   Silence                            Hexes/Air                    5
   Tukima's Dance                     Hexes                        5
   Deflect Missiles                   Charms/Air                   6
   Haste                              Charms                       6
   Discord                            Hexes                        8
 y - a book of Frost

   Spells                             Type                      Level
   Freeze                             Ice                          1
   Throw Frost                        Conjuration/Ice              2
   Ozocubu's Armour                   Charms/Ice                   3
   Throw Icicle                       Conjuration/Ice              4
   Summon Ice Beast                   Ice/Summoning                4
   Condensation Shield                Ice                          4
 D - a book of Wizardry

   Spells                             Type                      Level
   Summon Elemental                   Summoning                    4
   Agony                              Necromancy                   5
   Force Lance                        Conjuration                  5
   Fireball                           Conjuration/Fire             5
   Haste                              Charms                       6
   Invisibility                       Hexes                        6


   Skills:
 + Level 4.0(3.6) Fighting
 * Level 5.8(5.4) Maces & Flails
 - Level 1.1(0.7) Armour
 + Level 4.1(3.7) Dodging
 + Level 4.4(4.0) Invocations


You had 6 spell levels left.
You didn't know any spells.

Dungeon Overview and Level Annotations

Branches:
Dungeon (6/27)
 Temple: D:4-7          Orc: D:6-11

Altars:
Ashenzari
Elyvilon
Nemelex Xobeh
Vehumet
Xom
Yredelemnul
Zin
the Shining One

Annotations:
D:3 Zapata's ghost, average KoBe


Innate Abilities, Weirdness & Mutations

You can fly.
You have a beak for a mouth.
You have claws for feet.


Message History

You swoop lightly up into the air.
You feel somewhat more hungry. The wight hits you with a trident!
* * * LOW HITPOINT WARNING * * *
You feel drained.
* * * LOW HITPOINT WARNING * * *
Yredelemnul mirrors your injury!
The wight is severely damaged.
A crimson imp comes into view. It is wielding a dagger.
The crimson imp shouts!
Your dark mirror aura disappears.
The wight completely misses you. The wight hits you with a trident.
* * * LOW HITPOINT WARNING * * *
The wight closely misses you.
The crimson imp throws a dagger.
The dagger misses you.
You see here a dagger.
You are starting to lose your buoyancy.
The wight hits you from afar with a trident.
You die...
Your body rises from the dead as a mindless zombie.

#...###.#.#.#
#..........#
#...'....>#.#
#########..#
#...###.#.#.# #..#
#...# #.#.#.#
#..##### #...#
#.#.#.########
#......#
##...###.#..........#
##.###.#
.z5.................#
#.# #.#
.#.....#.#.5........#
#.# #.#
.#####.###......@...#
#.# #.# .#
##.####.........# #z#
#.# .#
##^..###...z.)...#
#z# #.# .#
#.[.)^##.........#
#z# #.# ##
##..^###.........#
#z# #.#
#.^_^.############
#z# #.# ####### #.#
#.# ##### #.# #.#
#.#.# #.# #.#


You could see a wight and a crimson imp.

Vanquished Creatures
  A sky beast (D:5)
  An ogre (D:5)
  A jelly (D:5)
  3 crimson imps (D:5)
  An orc priest (D:3)
  A hound (D:6)
  2 iguanas
  Jessica (D:3)
  5 gnolls
  A spectral human (D:5)
  3 adders
  3 giant mites
  An adder skeleton (D:5)
  3 giant geckos
  9 orcs
  9 goblins
  16 hobgoblins
  13 jackals
  14 kobolds
  3 quokkas
  3 ball pythons
  8 bats
  6 giant cockroaches
  3 giant newts
  A gnoll skeleton (D:6)
  A kobold skeleton (D:4)
  20 rats
  A rat skeleton (D:4)
134 creatures vanquished.

Vanquished Creatures (collateral kills)
  A hound (D:4)
  2 gnolls (D:4)
  An orc (D:3)
  A bat (D:1)
  2 goblins
  A jackal (D:2)
  A rat (D:4)
9 creatures vanquished.

Vanquished Creatures (others)
  A wight (D:5)
  An orc zombie (D:3)
  A bat zombie (D:4)
  A ball python zombie (D:3)
  4 giant cockroach zombies
  2 giant gecko zombies (D:3)
  A giant newt zombie (D:3)
  4 goblin zombies
  A hobgoblin zombie (D:4)
  4 jackal zombies
  3 kobold zombies
  2 quokka zombies (D:4)
  2 rat zombies (D:2)
27 creatures vanquished.

Grand Total: 170 creatures vanquished

Notes
Turn   | Place    | Note
--------------------------------------------------------------
     0 | D:1      | CowboyDan, the Tengu Death Knight, began the quest for the Orb.
     0 | D:1      | Reached XP level 1. HP: 12/12 MP: 2/2
   498 | D:1      | Upgraded the game from 0.13.0-17-g5f0e85f to 0.13.0-18-g7b03ea5
   499 | D:1      | Reached XP level 2. HP: 8/17 MP: 4/4
  1225 | D:1      | Reached skill level 3 in Maces & Flails
  1227 | D:1      | Reached XP level 3. HP: 19/21 MP: 6/6
  1581 | D:2      | Acquired Yredelemnul's second power
  1898 | D:2      | Reached XP level 4. HP: 23/27 MP: 8/8
  1902 | D:2      | Found a white marble altar of Elyvilon.
  1929 | D:2      | Found a glowing silver altar of Zin.
  1989 | D:2      | Found a glowing golden altar of the Shining One.
  2414 | D:2      | Found a radiant altar of Vehumet.
  2752 | D:3      | Reached XP level 5. HP: 29/31 MP: 10/10
  3034 | D:3      | Noticed Zapata's ghost (average KoBe)
  3342 | D:3      | Reached skill level 4 in Maces & Flails
  3816 | D:3      | Noticed Jessica
  3823 | D:3      | Killed Jessica
  4245 | D:4      | Found a sparkling altar of Nemelex Xobeh.
  4274 | D:4      | Acquired Yredelemnul's third power
  4365 | D:4      | Reached XP level 6. HP: 36/36 MP: 12/12
  4431 | D:4      | Found a shattered altar of Ashenzari.
  4781 | D:4      | Noticed an ogre
  4799 | D:5      | Entered Level 5 of the Dungeon
  4935 | D:5      | Received a gift from Yredelemnul
  5660 | D:5      | Found a basalt altar of Yredelemnul.
  5782 | D:5      | Reached skill level 5 in Maces & Flails
  5920 | D:5      | Found a shimmering altar of Xom.
  6132 | D:5      | Reached XP level 7. HP: 5/41 MP: 14/14
  7765 | D:5      | HP: 2/41 [wight/trident (5)]
  7768 | D:5      | Slain by a wight

Action                   |  1- 3 |  4- 6 |  7- 9 || total
-------------------------+-------+-------+-------++-------
Melee: Mace              |    94 |   187 |    68 ||   349
Throw: Dart              |     1 |     2 |     6 ||     9
Invok: Animate Remains   |    10 |    14 |     3 ||    27
       Animate Dead      |       |     8 |       ||     8
       Injury Mirror     |       |     1 |     2 ||     3
 Abil: Fly               |       |       |     2 ||     2
  Use: Scroll            |     1 |     7 |     3 ||    11
       Potion            |       |     4 |       ||     4
 Stab: Distracted        |     1 |     1 |     1 ||     3
       Sleeping          |       |     3 |       ||     3
